 Dungeon Crawl Stone Soup version 0.26.0-45-g9c1d065592 (webtiles) character file.

Game seed: 8478767884885101211

45 DasRunzen the Skirmisher (level 3, -3/29 HPs)
             Began as a Demonspawn Abyssal Knight on Jan 27, 2021.
             Was a Follower of Lugonu.
             Slain by Natasha (6 damage)
             ... on level 2 of the Dungeon.
             The game lasted 00:01:52 (1656 turns).

DasRunzen the Skirmisher (DsAK)                     Turns: 1656, Time: 00:01:53

Health: -3/29      AC:  4    Str: 13    XL:     3   Next: 42%
Magic:  5/5        EV: 11    Int: 15    God:    Lugonu [*.....]
Gold:   90         SH:  0    Dex: 12    Spells: 2/2 levels left

rFire    . . .     SeeInvis .   a - +1 spear
rCold    . . .     Faith    .   (no shield)
rNeg     . . .     Spirit   .   b - +1 leather armour
rPois    .         Reflect  .   (no helmet)
rElec    .         Harm     .   (no cloak)
rCorr    .         Rampage  .   (no gloves)
Will     .....                  (no boots)
Stlth    +.........             (no amulet)
HPRegen  0.09/turn              d - ring of wizardry
MPRegen  0.09/turn              (no ring)

@: no status effects
A: big brain 1
a: Renounce Religion, Depart the Abyss


You were on level 2 of the Dungeon.
You worshipped Lugonu.
Lugonu was aware of your devotion.
You visited 1 branch of the dungeon, and saw 2 of its levels.
You visited the Abyss 1 time.

You collected 90 gold pieces.

Inventory:

Hand Weapons
 a - a +1 spear (weapon)
Armour
 b - a +1 leather armour (worn)
Jewellery
 d - a ring of wizardry (left hand)
Scrolls
 h - 2 scrolls of teleportation
Potions
 g - a potion of invisibility
 k - a potion of heal wounds


   Skills:
 + Level 3.3 Fighting
 + Level 2.2 Polearms
 + Level 2.2 Armour
 + Level 1.5 Dodging
 + Level 3.1 Invocations


You had 2 spell levels left.
You didn't know any spells.
Your spell library was empty.

Dungeon Overview and Level Annotations

Branches:
Dungeon (2/15)

Altars:

Annotations:
D:2 Natasha


Innate Abilities, Weirdness & Mutations

You have an unusually large brain. (Int +2)


Message History

A dart slug comes into view.
You see here a kobold corpse.
You closely miss Natasha. Natasha claws you!
You hit Natasha.
Natasha is lightly wounded.
Natasha mumbles some strange words.
You hit Natasha.
Natasha is moderately wounded.
Natasha claws you but does no damage. The shadow imp closely misses you.
You hit Natasha.
Natasha is heavily wounded.
Natasha extends her claws.
Natasha claws you. The iron imp hits you!
* * * LOW HITPOINT WARNING * * *
The shadow imp closely misses you.
You are too injured to fight recklessly!
You are too injured to fight recklessly!
You are too injured to fight recklessly!
Natasha claws you.
You die...

####..###.##.....#
##8##..###......(.# #
....'.#......##..(# ...
##8##.#.##...##..(##.!#
####...##...##......#
#...#.....#.....#####
###<.......^.###(#
...........#.. #.#
...........###.#@#
.......<.......5h#
....(......###..5...#
.........#.# ##.w##..#
........##... ...# ...#
#####.... .>..... ..#
..... .....# .. #####..
....... . .#........


You could see an iron imp (summoned), Natasha, a shadow imp (summoned) and a
dart slug.

Vanquished Creatures
  2 dart slugs (D:1)
  4 giant cockroaches (D:1)
  10 hobgoblins
  2 jackals (D:1)
  5 kobolds
  A quokka (D:2)
  4 bats (D:1)
  2 frilled lizards (D:1)
  4 goblins (D:1)
  3 rats (D:1)
37 creatures vanquished.

Vanquished Creatures (others)
  7 plants (D:1)
7 creatures vanquished.

Grand Total: 44 creatures vanquished

Notes
Turn   | Place    | Note
-------+----------+-------------------------------------------
     0 | Abyss:1  | DasRunzen the Demonspawn Abyssal Knight began the quest for
                  | the Orb.
     0 | Abyss:1  | Reached XP level 1. HP: 18/18 MP: 2/2
   125 | Abyss:1  | Noticed an iron imp
   127 | D:1      | Escaped the Abyss
   177 | D:1      | Reached skill level 1 in Dodging
   342 | D:1      | Gained mutation: You have an unusually large brain. (Int
                  | +2) [demonic ancestry]
   342 | D:1      | Reached XP level 2. HP: 22/24 MP: 4/4
   354 | D:1      | Reached * piety under Lugonu
   860 | D:1      | Reached XP level 3. HP: 28/29 MP: 5/5
  1646 | D:2      | Noticed Natasha
  1656 | D:2      | Slain by Natasha

Illustrated notes

Levels and vault maps discovered:
D:1:      roderic_crop_circles_arrival_small, layout_basic, serial_aquarium,
          aquarium_bridge_long_separate [aquarium_subvault_window,
          aquarium_subvault_bridge, aquarium_subvault_wall,
          aquarium_subvault_bridge, aquarium_subvault_window,
          aquarium_subvault_wall], aquarium_window_corridor_3,
          aquarium_window_1, aquarium_window_fake, aquarium_view_2d,
          aquarium_view_2f, aquarium_pool_2
D:2:      layout_rooms, nicolae_overflow_hidden_temple,
          kennysheep_cross_bottleneck, dk_noncrumbling_2, minmay_crystal_water,
          minmay_misc_feat_five, uniq_natasha

Skill      XL: |  1  2  3 |
---------------+----------+-----
Dodging        | 1 |  1.5
Polearms       | 2 |  2.2
Armour         | 2 |  2.2
Invocations    | 3 |  3.1
Fighting       | |  3.3

Action                   || total
-------------------------++-------
Melee: Spear             ||   142
Invok: Depart the Abyss  ||     1
  Use: Scroll            ||     7
 Stab: Sleeping          ||     1
Armor: Leather armour    ||    24
Dodge: Dodged            ||    53
